 Dungeon Crawl Stone Soup version 0.29-a0-1006-g0dd7720b37 (webtiles) character file.

Game seed: 6185615452177832492

670 Asher535 the Trooper (level 7, 0/61 HPs)
             Began as a Hill Orc Fighter on Aug 6, 2022.
             Was a Follower of Wu Jian.
             Slain by a black bear (3 damage)
             ... created by the rage of Trog
             ... on level 6 of the Dungeon.
             The game lasted 00:12:20 (4186 turns).

Asher535 the Trooper (Hill Orc Fighter)             Turns: 4186, Time: 00:12:20

Health: 0/61       AC: 31    Str: 21    XL:     7   Next: 58%
Magic:  7/7        EV:  7    Int:  8    God:    Wu Jian [*.....]
Gold:   159        SH:  5    Dex: 10    Spells: 6/6 levels left

rFire   . . .      SeeInvis .   w - +7 mace of Dissolution {pain, rElec}
rCold   . . .      Faith    .   c - +0 buckler
rNeg    . . .      Spirit   .   n - +18 Lear's hauberk
rPois   +          Reflect  .   (helmet currently unavailable)
rElec   +          Harm     .   e - +2 cloak
rCorr   .          Rampage  .   (gloves currently unavailable)
Will    +....                   (boots currently unavailable)
Stlth   ..........              (no amulet)
HPRegen 0.20/turn               B - ring of willpower
MPRegen 0.10/turn               z - ring of poison resistance

@: mighty
A: no striking features
a: Renounce Religion


You were on level 6 of the Dungeon.
You worshipped Wu Jian.
Wu Jian was aware of your devotion.
You visited 2 branches of the dungeon, and saw 7 of its levels.

You collected 159 gold pieces.

Inventory:

Hand Weapons
 a - a +0 war axe
 w - the +7 mace of Dissolution (weapon) {pain, rElec}
   (You found it on level 3 of the Dungeon)

   In the hands of one skilled in necromantic magic, it inflicts extra damage on
   living creatures.
   rElec:     It insulates you from electricity.
Armour
 b - a +0 scale mail
 c - a +0 buckler (worn)
 e - a +2 cloak (worn)
 i - a +1 cloak
 n - the +18 Lear's hauberk (worn)
   (You found it on level 2 of the Dungeon)
 y - a +0 pair of gloves
Jewellery
 l - a ring of ice
 o - a ring of flight
 z - a ring of poison resistance (right hand)
 B - a ring of willpower (left hand)
 C - a ring of fire
Wands
 p - a wand of digging (3)
 s - a wand of iceblast (9)
 E - a wand of paralysis (12)
Scrolls
 f - 4 scrolls of enchant weapon {unknown}
 h - 3 scrolls of poison {unknown}
 j - 2 scrolls of immolation {unknown}
 k - 8 scrolls of identify {unknown}
 u - a scroll of magic mapping {unknown}
 x - 2 scrolls of teleportation {unknown}
 D - a scroll of enchant armour {unknown}
 F - a scroll of fog {unknown}
Potions
 g - 3 potions of heal wounds {unknown}
 m - 4 potions of lignification {unknown}
 q - a potion of haste {unknown}
 r - 2 potions of flight {unknown}
 t - 2 potions of mutation {unknown}
 v - 3 potions of attraction {unknown}
 A - a potion of berserk rage {unknown}


   Skills:
 + Level 5.5 Fighting
 - Level 4.5(5.6) Axes
 * Level 4.2(4.9) Maces & Flails
 + Level 5.1 Armour
 + Level 5.1 Shields


You had 6 spell levels left.
You didn't know any spells.
Your spell library contained the following spells:

 Spells                   Type           Power      Damage    Failure   Level
 Apportation              Tloc           0%         N/A       99%         1
 Freeze                   Ice            0%         1d3       99%         1
 Necrotise                Necr           0%         1d4       99%         1
 Summon Small Mammal      Summ           0%         N/A       99%         1
 Frozen Ramparts          Ice            0%         1d1       100%        3
 Hailstorm                Conj/Ice       0%         3d3       100%        4
 Summon Ice Beast         Ice/Summ       0%         N/A       100%        4
 Summon Mana Viper        Hex/Summ       0%         N/A       100%        5
 Monstrous Menagerie      Summ           0%         N/A       100%        7


Dungeon Overview and Level Annotations

Branches:
Dungeon (6/15)             Temple (1/1) D:4

Altars:
Ashenzari
Dithmenos
Fedhas
Gozag
Hepliaklqana
Makhleb
Nemelex Xobeh
Okawaru
Qazlal
Ru
Sif Muna
Trog
Uskayaw
Vehumet
Wu Jian
Xom
Yredelemnul
Zin
The Shining One

Shops:
D:5 (


Message History

The black bear barely misses you.
The black bear claws you but does no damage. x2
You climb downwards.
There is a stone staircase leading up here.
You spin and attack the black bear.
You closely miss the black bear. The black bear bites you!
* * * LOW HITPOINT WARNING * * *
The black bear barely misses you.
The black bear claws you but does no damage.
You hear a bellow! x3
You spin to attack the black bear, but your attack speed is too slow for a blow to land.
The black bear barely misses you.
The black bear claws you but does no damage. x2
The black bear bites you but does no damage.
The black bear barely misses you.
The black bear claws you but does no damage.
The black bear bites you.
* * * LOW HITPOINT WARNING * * *
The black bear barely misses you. x2
You hear a shout!
You feel very mighty all of a sudden.
You hear a bark!
The black bear barely misses you.
The black bear claws you but does no damage.
You block the black bear's attack.
The black bear rages.
The black bear bites you but does no damage.
The black bear claws you.
* * * LOW HITPOINT WARNING * * *
The black bear claws you but does no damage.
You hear a shout!
You hear a bark!
You bludgeon the black bear!!
The black bear is heavily wounded.
You hear an angry hiss.
The black bear bites you but does no damage.
The black bear claws you but does no damage. x2
The black bear bites you but does no damage.
The black bear claws you but does no damage.
The black bear claws you.
You die...

#### ...
##.##
##...##
#####...<.#
.......hh##
#####.#h##
# #@# #.#
#+#


You could see 3 black bears.

Vanquished Creatures
  2 black bears
  A scorpion (D:5)
  2 necrophages (D:5)
  A jelly (D:4)
  A hound (D:5)
  A gnoll bouda (D:4)
  Ijyb (D:2)
  3 iguanas (D:5)
  8 adders
  A gnoll (D:4)
  2 white imps (D:5)
  An ufetubus (D:4)
  A worm (D:4)
  3 dart slugs
  12 orcs
  6 ball pythons
  5 endoplasms
  A giant cockroach (D:4)
  18 goblins
  8 hobgoblins
  A jackal (D:5)
  6 kobolds
  A quokka (D:4)
  6 bats
  A frilled lizard (D:2)
  3 rats
96 creatures vanquished.

Notes
Turn   | Place    | Note
-------+----------+-------------------------------------------
     0 | D:1      | Asher535 the Hill Orc Fighter began the quest for the Orb.
     0 | D:1      | Reached XP level 1. HP: 19/19 MP: 1/1
     2 | D:1      | Noticed a naga
     4 | D:1      | Noticed a gargoyle
     4 | D:1      | Noticed an octopode
     6 | D:1      | Noticed a human
     8 | D:1      | Noticed a merfolk
     8 | D:1      | Noticed a ghoul
    12 | D:1      | Noticed a vine stalker
    12 | D:1      | Noticed a vampire
    14 | D:1      | Noticed a tengu
    14 | D:1      | Noticed an ogre
    16 | D:1      | Noticed a demigod
    16 | D:1      | Noticed a felid
    18 | D:1      | Noticed a spriggan
    18 | D:1      | Noticed a formicid
    20 | D:1      | Noticed a dwarf
    20 | D:1      | Noticed a troll
    22 | D:1      | Noticed a minotaur
    22 | D:1      | Noticed a demonspawn
    24 | D:1      | Noticed an elf
    24 | D:1      | Noticed a draconian
   137 | D:1      | Reached XP level 2. HP: 21/27 MP: 2/2
   608 | D:1      | Reached XP level 3. HP: 28/33 MP: 3/3
  1083 | D:2      | Found the +18 Lear's hauberk
  1145 | D:2      | Found a basalt altar of Yredelemnul.
  1395 | D:2      | Noticed Ijyb
  1415 | D:2      | Killed Ijyb
  1416 | D:2      | Reached XP level 4. HP: 33/40 MP: 4/4
  1594 | D:3      | Found a sparkling altar of Nemelex Xobeh.
  1965 | D:3      | Identified the +7 mace of Dissolution {pain, rElec}
  2111 | D:4      | Reached XP level 5. HP: 47/47 MP: 5/5
  2135 | D:4      | Found a staircase to the Ecumenical Temple.
  2158 | Temple   | Entered the Ecumenical Temple
  2704 | Temple   | Became a worshipper of Trog the Wrathful
  2733 | Temple   | Fell from the grace of Trog
  2733 | Temple   | Became a worshipper of the Wu Jian Council
  2814 | D:4      | Found a stormy altar of Qazlal.
  3240 | D:4      | Reached skill level 1 in Maces & Flails
  3263 | D:4      | Noticed a black bear
  3273 | D:4      | Found a burning altar of Makhleb.
  3273 | D:4      | Found an iron altar of Okawaru.
  3284 | D:4      | Killed a black bear
  3285 | D:4      | Reached XP level 6. HP: 48/53 MP: 6/6
  3451 | D:4      | Reached skill level 5 in Fighting
  3655 | D:5      | Entered Level 5 of the Dungeon
  3655 | D:5      | Found Telug's Weapon Shoppe.
  3667 | D:5      | Reached * piety under Wu Jian
  3709 | D:5      | Reached XP level 7. HP: 47/61 MP: 7/7
  3892 | D:5      | Reached skill level 5 in Armour
  3892 | D:5      | Reached skill level 5 in Shields
  4185 | D:6      | HP: 2/61 [black bear[the rage of Trog] (2)]
  4186 | D:6      | Slain by a black bear

Illustrated notes

Levels and vault maps discovered:
D:1:      kb_arrival_jail, layout_basic, minivault_27,
          hangedman_decor_clover_reticule, minmay_nonomino_d4
D:2:      kennysheep_the_goblin_king, layout_rooms, basic_altar
D:3:      layout_basic, nemelex_spade_bored_becter, hex_tiny
D:4:      minmay_diamond_boxcup, layout_loops_cross, grunt_qazlal_clouds,
          mainiacjoe_overflow_large_starburst, minmay_temple_entry_slanted
D:5:      layout_loops_ring, serial_shops, shop, kennysheep_generic_room_12
D:6:      layout_loops_corners, serial_shops, shop_statue, shop,
          nicolae_lakefront_shop, kennysheep_mini
Temple:   eino_narrow_crystal_temple

Skill      XL: |  1  2  3  4  5  6  7 |
---------------+----------------------+-----
Axes           | 3 4 |  4.5
Fighting       | 4 5 |  5.5
Shields        | 4 5 |  5.1
Armour         | 4 5 |  5.1
Maces & Flails | 2 3 4 |  4.2

Action                   |  1- 3 |  4- 6 |  7- 9 || total
-------------------------+-------+-------+-------++-------
Melee: War axe           |    75 |    69 |       ||   144
       Mace              |       |    86 |    46 ||   132
Invok: Lunge             |       |       |     3 ||     3
       Whirlwind         |       |       |     2 ||     2
  Use: Potion            |       |       |     1 ||     1
Armor: Scale mail        |    36 |       |       ||    36
       Chain mail        |    18 |   143 |    97 ||   258
Dodge: Dodged            |    18 |    77 |    48 ||   143
Block: Buckler           |    14 |    40 |    18 ||    72

Table legend: (Time is in decaauts)
 A = Elapsed time spent in this place.
 B = Non-inter-level travel time spent in this place.
 C = Inter-level travel time spent in this place.
 D = Time resting spent in this place.
 E = Time spent auto-exploring this place.
 F = Levels seen in this place.
 G = Mean time per level.
                   A        B        C        D        E       F      G
               +--------+--------+--------+--------+--------+-----+--------+
         Total |   4267 |   4094 |    173 |    100 |   2968 |   7 |  609.6 |
       Dungeon |   3684 |   3526 |    158 |      0 |   2778 |   6 |  614.0 |
        Temple |    583 |    568 |     15 |    100 |    190 |   1 |  583.0 |
               +--------+--------+--------+--------+--------+-----+--------+

Top non-repeatable levels by time:
     D:1: 1075 daAuts
     D:4: 988 daAuts
  Temple: 583 daAuts
     D:3: 546 daAuts
     D:5: 537 daAuts
     D:2: 531 daAuts
     D:6: 4 daAuts
